| TOP OF THE 1ST |
|
Hickory Crawdads batting - Pitching for Delmarva Shorebirds : RHP Matt Talaski
|
|
Pitching: RHP Matt Talaski
|
|
|
Batting: LHB Sadamu Noguchi
|
0-0: Called Strike 0-1: Ball 1-1: Ground out U3 (Groundball, 3, EV 87.5 MPH)
|
|
Batting: RHB Nick Solberg
|
0-0: Ball 1-0: Ball 2-0: Called Strike 2-1: Swinging Strike 2-2: Ball 3-2: Fly out, F9 (Line Drive, 9, EV 91.9 MPH)
|
|
Batting: RHB Joe Fiorito
|
0-0: Ball 1-0: Foul Ball, location: 2F 1-1: Foul Ball, location: 2F 1-2: Foul Ball, location: 2F 1-2: Ball 2-2: Strikes out swinging
|
| Top of the 1st over - 0 runs, 0 hits, 0 errors, 0 left on base; Hickory 0 - Delmarva 0 |
| BOTTOM OF THE 1ST |
|
Delmarva Shorebirds batting - Pitching for Hickory Crawdads : RHP Chris Wood
|
|
Pitching: RHP Chris Wood
|
|
|
Batting: LHB Eric Jackson
|
0-0: Called Strike 0-1: Swinging Strike 0-2: Ball 1-2: Ball 2-2: Foul Ball, location: 2F 2-2: Ball 3-2: Ground out 5-3 (Groundball, 56, EV 81.9 MPH)
|
|
Batting: RHB Danny Merrill
|
0-0: Ball 1-0: Foul Ball, location: 2F 1-1: Ball 2-1: Foul Ball, location: 2F 2-2: SINGLE (Line Drive, 4MD, EV 108.8 MPH)
|
|
Batting: LHB Justin Moore
|
0-0: Swinging Strike 0-1: Foul Ball, location: 2F 0-2: Strikes out swinging
|
|
Batting: LHB Mike Sloan
|
0-0: Ball Danny Merrill steals 2nd base 1-0: Ball 2-0: Ball 3-0: Called Strike 3-1: Foul Ball, location: 2F 3-2: Base on Balls
|
|
Batting: RHB Francisco Viera
|
0-0: DOUBLE (Line Drive, 89M, EV 99.4 MPH) Danny Merrill scores Mike Sloan to third Runner from 3rd tries for Home, SAFE, throw by RF to home
|
|
Batting: SHB Jared Boyce
|
0-0: Called Strike 0-1: Called Strike 0-2: Strikes out swinging
|
| Bottom of the 1st over - 2 runs, 2 hits, 0 errors, 1 left on base; Hickory 0 - Delmarva 2 |
| TOP OF THE 2ND |
|
Hickory Crawdads batting - Pitching for Delmarva Shorebirds : RHP Matt Talaski
|
|
Batting: RHB George King
|
0-0: Ball 1-0: Ball 2-0: Ball 3-0: Called Strike 3-1: SINGLE (Groundball, 6MD, EV 95.6 MPH)
|
|
Batting: LHB Lee Gerken
|
0-0: Ball 1-0: Ball 2-0: Ball 3-0: Called Strike 3-1: Swinging Strike 3-2: Foul Ball, location: 2F 3-2: Strikes out swinging
|
|
Batting: RHB Justin Aslinger
|
0-0: Ball 1-0: Foul Ball, location: 2F 1-1: Swinging Strike 1-2: Strikes out swinging
|
|
Batting: RHB Jeremy Boerman
|
0-0: Called Strike George King steals 2nd base 0-1: Ball 1-1: Fly out, F9 (Flyball, 89M, EV 94.4 MPH)
|
| Top of the 2nd over - 0 runs, 1 hit, 0 errors, 1 left on base; Hickory 0 - Delmarva 2 |
| BOTTOM OF THE 2ND |
|
Delmarva Shorebirds batting - Pitching for Hickory Crawdads : RHP Chris Wood
|
|
Batting: RHB Jon Zimmerman
|
0-0: Ground out 5-3 (Groundball, 56, EV 86.2 MPH)
|
|
Batting: RHB Alex Valencia
|
0-0: Swinging Strike 0-1: Fly out, F8 (Flyball, 8LD, EV 97.5 MPH)
|
|
Batting: RHB Antonio Gamez
|
0-0: Foul Ball, location: 2F 0-1: Ball 1-1: Swinging Strike 1-2: Strikes out swinging
|
| Bottom of the 2nd over - 0 runs, 0 hits, 0 errors, 0 left on base; Hickory 0 - Delmarva 2 |
| TOP OF THE 3RD |
|
Hickory Crawdads batting - Pitching for Delmarva Shorebirds : RHP Matt Talaski
|
|
Batting: RHB Dennis Daniels
|
0-0: Ball 1-0: Foul Ball, location: 2F 1-1: Called Strike 1-2: Strikes out looking
|
|
Batting: RHB Ricky Carbajal
|
0-0: Called Strike 0-1: Ball 1-1: Ball 2-1: Ground out 5-3 (Groundball, 5S, EV 76.2 MPH)
|
|
Batting: LHB Sadamu Noguchi
|
0-0: Ground out 6-3 (Groundball, 6, EV 109.4 MPH)
|
| Top of the 3rd over - 0 runs, 0 hits, 0 errors, 0 left on base; Hickory 0 - Delmarva 2 |
| BOTTOM OF THE 3RD |
|
Delmarva Shorebirds batting - Pitching for Hickory Crawdads : RHP Chris Wood
|
|
Batting: LHB Eric Jackson
|
0-0: Called Strike 0-1: Foul Ball, location: 2F 0-2: Fly out, F8 (Flyball, 8RXD, EV 85.6 MPH)
|
|
Batting: RHB Danny Merrill
|
0-0: Called Strike 0-1: Ball 1-1: Foul Ball, location: 2F 1-2: Fly out, F4 (Popup, 34, EV 65.6 MPH)
|
|
Batting: LHB Justin Moore
|
0-0: Fly out, F8 (Flyball, 8RD, EV 98.1 MPH)
|
| Bottom of the 3rd over - 0 runs, 0 hits, 0 errors, 0 left on base; Hickory 0 - Delmarva 2 |
| TOP OF THE 4TH |
|
Hickory Crawdads batting - Pitching for Delmarva Shorebirds : RHP Matt Talaski
|
|
Batting: RHB Nick Solberg
|
0-0: Ball 1-0: Ball 2-0: Reached on error, E4 (Groundball, 34, EV 80.0 MPH)
|
|
Batting: RHB Joe Fiorito
|
0-0: Called Strike Nick Solberg is caught stealing 2nd base 2-4 0-1: Ball 1-1: Fly out, F9 (Flyball, 89S, EV 85.0 MPH)
|
|
Batting: RHB George King
|
0-0: Called Strike 0-1: Called Strike 0-2: Strikes out swinging
|
| Top of the 4th over - 0 runs, 0 hits, 1 error, 0 left on base; Hickory 0 - Delmarva 2 |
| BOTTOM OF THE 4TH |
|
Delmarva Shorebirds batting - Pitching for Hickory Crawdads : RHP Chris Wood
|
|
Batting: LHB Mike Sloan
|
0-0: SINGLE (Groundball, 3D, EV 103.8 MPH)
|
|
Batting: RHB Francisco Viera
|
0-0: Ball 1-0: Foul Ball, location: 2F 1-1: Fielders Choice at 2nd, 3-6 (Groundball, 34, EV 81.2 MPH)
|
|
Batting: SHB Jared Boyce
|
0-0: Ball 1-0: Foul Ball, location: 2F 1-1: Ball 2-1: Foul Ball, location: 2F 2-2: Strikes out looking
|
|
Batting: RHB Jon Zimmerman
|
0-0: Called Strike 0-1: Ball 1-1: Called Strike Francisco Viera steals 2nd, throwing error, E2 Francisco Viera to third 1-2: Ball 2-2: Foul Ball, location: 2F 2-2: Ball 3-2: Ground out 6-3 (Groundball, 6, EV 105.0 MPH)
|
| Bottom of the 4th over - 0 runs, 1 hit, 1 error, 1 left on base; Hickory 0 - Delmarva 2 |
| TOP OF THE 5TH |
|
Hickory Crawdads batting - Pitching for Delmarva Shorebirds : RHP Matt Talaski
|
|
Batting: LHB Lee Gerken
|
0-0: Foul Ball, location: 2F 0-1: Swinging Strike 0-2: Reached on error, E6 (Groundball, 6, EV 90.0 MPH)
|
|
Batting: RHB Justin Aslinger
|
0-0: Ball 1-0: Ball 2-0: Fly out, F7 (Flyball, 78S, EV 70.6 MPH)
|
|
Batting: RHB Jeremy Boerman
|
0-0: Ball 1-0: Ball Passed Ball! Lee Gerken to third 2-0: Called Strike 2-1: Foul Ball, location: 2F 2-2: Ball 3-2: Foul Ball, location: 2F 3-2: Fly out, F8 (Flyball, 8RD, EV 90.6 MPH) Runner from 3rd tags up, SCORES, throw by CF
|
|
Batting: RHB Dennis Daniels
|
0-0: SINGLE (Line Drive, 7LM, EV 88.8 MPH)
|
|
Batting: RHB Ricky Carbajal
|
0-0: Ball 1-0: DOUBLE (Flyball, 8LXD, EV 97.5 MPH) Dennis Daniels to third Runner from 3rd tries for Home, SAFE, throw by CF to trailing runner, SAFE at third!
|
|
Batting: LHB Sadamu Noguchi
|
0-0: Foul Ball, location: 2F 0-1: Ball 1-1: Foul Ball, location: 2F 1-2: Ball 2-2: Strikes out looking
|
| Top of the 5th over - 2 runs, 2 hits, 1 error, 1 left on base; Hickory 2 - Delmarva 2 |
| BOTTOM OF THE 5TH |
|
Delmarva Shorebirds batting - Pitching for Hickory Crawdads : RHP Chris Wood
|
|
Batting: RHB Alex Valencia
|
0-0: Ball 1-0: SINGLE (Groundball, 4D, EV 98.1 MPH)
|
|
Batting: RHB Antonio Gamez
|
0-0: Called Strike 0-1: Ball 1-1: Swinging Strike 1-2: Ball 2-2: Fly out, F8 (Flyball, 89S, EV 88.1 MPH)
|
|
Batting: LHB Eric Jackson
|
0-0: Hit by Pitch Alex Valencia to second
|
|
Batting: RHB Danny Merrill
|
0-0: Ball 1-0: Ball 2-0: Ball 3-0: Base on Balls Alex Valencia to third Eric Jackson to second
|
|
Batting: LHB Justin Moore
|
0-0: Foul Ball, location: 2F 0-1: Ball 1-1: Foul Ball, location: 2F 1-2: Strikes out swinging
|
|
Batting: LHB Mike Sloan
|
0-0: Ball 1-0: Ball 2-0: Called Strike 2-1: Ball 3-1: Swinging Strike 3-2: Strikes out swinging
|
| Bottom of the 5th over - 0 runs, 1 hit, 0 errors, 3 left on base; Hickory 2 - Delmarva 2 |
| TOP OF THE 6TH |
|
Hickory Crawdads batting - Pitching for Delmarva Shorebirds : RHP Matt Talaski
|
|
Batting: RHB Nick Solberg
|
0-0: Called Strike 0-1: Foul Ball, location: 2F 0-2: Foul Ball, location: 2F 0-2: Foul Ball, location: 2F 0-2: Strikes out swinging
|
|
Batting: RHB Joe Fiorito
|
0-0: Called Strike 0-1: Swinging Strike 0-2: Strikes out swinging
|
|
Batting: RHB George King
|
0-0: Ball 1-0: Called Strike 1-1: Swinging Strike 1-2: Ground out 5-3 (Groundball, 5S, EV 73.1 MPH)
|
| Top of the 6th over - 0 runs, 0 hits, 0 errors, 0 left on base; Hickory 2 - Delmarva 2 |
| BOTTOM OF THE 6TH |
|
Delmarva Shorebirds batting - Pitching for Hickory Crawdads : RHP Chris Wood
|
|
Batting: RHB Francisco Viera
|
0-0: Ball 1-0: Called Strike 1-1: SINGLE (Groundball, 6, EV 96.9 MPH)
|
|
Batting: SHB Jared Boyce
|
0-0: Ball 1-0: Ball 2-0: Ball 3-0: Called Strike 3-1: Swinging Strike 3-2: Ground out 6-3 (Groundball, 6, EV 85.6 MPH) Francisco Viera to second
|
|
Batting: RHB Jon Zimmerman
|
0-0: Called Strike 0-1: Called Strike 0-2: Ball 1-2: Strikes out swinging
|
|
Batting: RHB Alex Valencia
|
0-0: Called Strike 0-1: Foul Ball, location: 2F 0-2: Foul Ball, location: 2F 0-2: Ball 1-2: Ball 2-2: Fly out, F8 (Line Drive, 8LS, EV 99.4 MPH)
|
| Bottom of the 6th over - 0 runs, 1 hit, 0 errors, 1 left on base; Hickory 2 - Delmarva 2 |
| TOP OF THE 7TH |
|
Hickory Crawdads batting - Pitching for Delmarva Shorebirds : RHP Matt Talaski
|
|
Batting: LHB Lee Gerken
|
0-0: Ball 1-0: Foul Ball, location: 2F 1-1: Ball 2-1: Swinging Strike 2-2: SINGLE (Groundball, 34D, EV 99.4 MPH)
|
|
Pitching: RHP Dou-guan Ti
|
|
|
Batting: RHB Justin Aslinger
|
0-0: Sac Bunt to 5S - play at second, runner OUT! 5-6
|
|
Batting: RHB Jeremy Boerman
|
0-0: Ball 1-0: Called Strike 1-1: Foul Ball, location: 2F 1-2: Foul Ball, location: 2F 1-2: Ball Justin Aslinger steals 2nd, throwing error, E2 Justin Aslinger to third 2-2: Strikes out swinging
|
|
Batting: RHB Dennis Daniels
|
0-0: Ball 1-0: Ground out 5-3 (Groundball, 56, EV 88.8 MPH)
|
| Top of the 7th over - 0 runs, 1 hit, 1 error, 1 left on base; Hickory 2 - Delmarva 2 |
| BOTTOM OF THE 7TH |
|
Delmarva Shorebirds batting - Pitching for Hickory Crawdads : RHP Chris Wood
|
|
Pinch Hitting: LHB Tom Edwards
|
0-0: Called Strike 0-1: Called Strike 0-2: Ball 1-2: Strikes out looking
|
|
Pitching: LHP Joey Lowe
|
|
|
Batting: LHB Eric Jackson
|
0-0: Ground out 6-3 (Groundball, 6, EV 90.0 MPH)
|
|
Pitching: LHP Paul Gill
|
|
|
Batting: RHB Danny Merrill
|
0-0: Called Strike 0-1: Ball 1-1: Called Strike 1-2: Strikes out swinging
|
| Bottom of the 7th over - 0 runs, 0 hits, 0 errors, 0 left on base; Hickory 2 - Delmarva 2 |
| TOP OF THE 8TH |
|
Hickory Crawdads batting - Pitching for Delmarva Shorebirds : RHP Dou-guan Ti
|
|
Now in LF: Tom Edwards
|
|
|
Batting: RHB Ricky Carbajal
|
0-0: Swinging Strike 0-1: Fly out, F8 (Line Drive, 8LD, EV 104.4 MPH)
|
|
Batting: LHB Sadamu Noguchi
|
0-0: Called Strike 0-1: Ground out 5-3 (Groundball, 56D, EV 85.6 MPH)
|
|
Pinch Hitting: LHB Jose Baez
|
0-0: Called Strike 0-1: Called Strike 0-2: Ball 1-2: Strikes out swinging
|
| Top of the 8th over - 0 runs, 0 hits, 0 errors, 0 left on base; Hickory 2 - Delmarva 2 |
| BOTTOM OF THE 8TH |
|
Delmarva Shorebirds batting - Pitching for Hickory Crawdads : LHP Paul Gill
|
|
Now in LF: Sadamu Noguchi
|
|
|
Now in RF: Jose Baez
|
|
|
Batting: LHB Justin Moore
|
0-0: Called Strike 0-1: Called Strike 0-2: Ball 1-2: Ball 2-2: Fly out, F8 (Flyball, 8RD, EV 103.8 MPH)
|
|
Batting: LHB Mike Sloan
|
0-0: Called Strike 0-1: Foul Ball, location: 2F 0-2: Strikes out swinging
|
|
Batting: RHB Francisco Viera
|
0-0: SOLO HOME RUN (Line Drive, 9LD, EV 93.1 MPH), Distance : 343 ft
|
|
Batting: SHB Jared Boyce
|
0-0: Ball 1-0: Swinging Strike 1-1: Ball 2-1: Foul Ball, location: 2F 2-2: Strikes out swinging
|
| Bottom of the 8th over - 1 run, 1 hit, 0 errors, 0 left on base; Hickory 2 - Delmarva 3 |
| TOP OF THE 9TH |
|
Hickory Crawdads batting - Pitching for Delmarva Shorebirds : RHP Dou-guan Ti
|
|
Pitching: RHP Josh Blankenship
|
|
|
Batting: RHB Joe Fiorito
|
0-0: Ball 1-0: Ball 2-0: Foul Ball, location: 2F 2-1: Foul Ball, location: 2F 2-2: Strikes out swinging
|
|
Batting: RHB George King
|
0-0: Called Strike 0-1: Ball 1-1: Foul Ball, location: 2F 1-2: Ball 2-2: Fly out, F8 (Flyball, 8RD, EV 81.2 MPH)
|
|
Batting: LHB Lee Gerken
|
0-0: Ball 1-0: Ball 2-0: Ball 3-0: Called Strike 3-1: Base on Balls
|
|
Batting: RHB Justin Aslinger
|
0-0: Ball 1-0: Ball 2-0: Foul Ball, location: 2F 2-1: Fielders Choice at 2nd, 6-4 (Groundball, 6, EV 83.8 MPH)
|
| Top of the 9th over - 0 runs, 0 hits, 0 errors, 1 left on base; Hickory 2 - Delmarva 3 |
|